 Dungeon Crawl Stone Soup version 0.31-a0-1338-gb567cfdca4 (webtiles) character file.

Game seed: 2645180160082872472

1419294 experimilk the Sorcerer (level 26, 172/176 HPs)
             Began as a Deep Elf Summoner on Dec 20, 2023.
             Was a High Priest of Sif Muna.
             Escaped with the Orb
             ... and 3 runes on Dec 22, 2023!
             The game lasted 07:34:23 (101253 turns).

experimilk the Sorcerer (Deep Elf Summoner)       Turns: 101253, Time: 07:34:23

Health: 172/176    AC: 25    Str: 14    XL:     26   Next: 56%
Magic:  54/54      EV: 31    Int: 51    God:    Sif Muna [*****.]
Gold:   4079       SH: 20    Dex: 24    Spells: 5/75 levels left

rFire   + . .        r - +1 rapier "Ixtyuc" {protect, Will+ Int+6 SInv Stlth-}
rCold   + . .        P - +5 kite shield {reflect}
rNeg    . . .        G - +2 ring mail {rF+}
rPois   .            N - +2 helmet {Int+3}
rElec   +            H - +2 cloak
rCorr   .            s - +2 pair of gloves {Dex+3}
SInv    +            W - +2 pair of boots
Will    ++++.        I - amulet of magic regeneration
Stlth   +            Z - ring "Qamef" {Will+ EV+5 Str+9 Int+3}
HPRegen 0.49/turn    w - ring of Quevvul {rElec rC+ Int+6 Dex+6 Stlth+}
MPRegen 0.74/turn

%: reflection
@: studying Shapeshifting
A: robust 1, noise suppression
0: Orb of Zot
}: 3/15 runes: barnacled, silver, gossamer
a: Renounce Religion, Channel Magic, Forget Spell, Divine Exegesis


You escaped.
You worshipped Sif Muna.
Sif Muna was extremely pleased with you.
You visited 10 branches of the dungeon, and saw 48 of its levels.
You visited the Abyss 1 time.
You also visited: Trove, Ossuary, Gauntlet, Volcano and Desolation.

You collected 6610 gold pieces.
You spent 2531 gold pieces at shops.

Inventory:

Hand Weapons
 r - the +1 rapier "Ixtyuc" (weapon) {protect, Will+ Int+6 SInv Stlth-}
   (You found it on level 3 of the Elven Halls)

   Int+6:     It affects your intelligence (+6).
   Will+:     It increases your willpower.
   SInv:      It lets you see invisible.
   Stlth-:    It makes you less stealthy.
 S - the +8 whip "Snakebite" {venom, curare, rPois}
   (You found it on level 4 of the Lair of Beasts)

   rPois:     It protects you from poison
Armour
 a - a +2 pair of gloves of stealth
 d - the +3 ring mail of Ostruytuu {+Blink rC+ Int+3 Dex+2}
   (You found it on level 5 of the Vaults)

   Int+3:     It affects your intelligence (+3).
   Dex+2:     It affects your dexterity (+2).
   rC+:       It protects you from cold.
   +Blink:    It lets you blink.
 f - a +0 cloak of willpower
 k - the +4 hat of the Okapi {rCorr Str+3 Dex+4}
   (You acquired it on level 10 of the Dungeon)

   Str+3:     It affects your strength (+3).
   Dex+4:     It affects your dexterity (+4).
   rCorr:     It protects you from acid and corrosion.
 s - a +2 pair of gloves of dexterity (worn)
 v - the +0 helmet of Impressiveness {Will+}
   (You found it in a treasure trove)

   Will+:     It increases your willpower.
 z - a +3 leather armour of fire resistance
 G - a +2 ring mail of fire resistance (worn)
 H - a +2 cloak (worn)
 N - a +2 helmet of intelligence (worn)
 P - a +5 kite shield of reflection (worn)
 W - a +2 pair of boots (worn)
Jewellery
 n - an amulet of reflection
 p - the ring of Gerph {rN+ Int+4 SInv Stlth-}
   (You found it in the Desolation of Salt)

   [ring of see invisible]

   Int+4:     It affects your intelligence (+4).
   rN+:       It protects you from negative energy.
   SInv:      It lets you see invisible.
   Stlth-:    It makes you less stealthy.
 w - the ring of Quevvul (right hand) {rElec rC+ Int+6 Dex+6 Stlth+}
   (You acquired it on level 10 of the Dungeon)

   [ring of dexterity]

   Int+6:     It affects your intelligence (+6).
   Dex+6:     It affects your dexterity (+6).
   rC+:       It protects you from cold.
   rElec:     It insulates you from electricity.
   Stlth+:    It makes you more stealthy.
 I - an amulet of magic regeneration (around neck)
 J - a ring of protection from fire
 L - the ring of the Tortoise {AC+8}
   (You took it off a tengu reaver on level 2 of the Depths)

   [ring of protection]

   AC+8:      It affects your AC (+8).
 R - a ring of protection from cold
 T - a ring of protection from cold
 U - the ring "Celiroif" {AC+4 Slay+5}
   (You found it on level 2 of the Spider Nest)

   [ring of protection]

   AC+4:      It affects your AC (+4).
   Slay+5:    It affects your accuracy & damage with ranged weapons and melee
   (+5).
 V - a ring of protection from fire
 Z - the ring "Qamef" (left hand) {Will+ EV+5 Str+9 Int+3}
   (You found it in the Desolation of Salt)

   [ring of evasion]

   EV+5:      It affects your evasion (+5).
   Str+9:     It affects your strength (+9).
   Int+3:     It affects your intelligence (+3).
   Will+:     It increases your willpower.
Wands
 Y - a wand of paralysis (4)
Scrolls
 c - 4 scrolls of torment
 g - 7 scrolls of fog
 j - 9 scrolls of vulnerability
 l - 23 scrolls of teleportation
 o - 2 scrolls of butterflies
 y - 2 scrolls of amnesia
 D - 8 scrolls of fear
 E - 7 scrolls of immolation
 K - 6 scrolls of poison
 O - 2 scrolls of blinking
Potions
 b - 6 potions of magic
 e - 2 potions of heal wounds
 h - 23 potions of curing
 m - 12 potions of might
 q - 5 potions of invisibility
 t - 4 potions of haste
 u - 4 potions of ambrosia
 A - 5 potions of brilliance
 B - 12 potions of attraction
 C - 4 potions of berserk rage
 F - 8 potions of mutation
 M - 6 potions of lignification
 Q - 3 potions of enlightenment
 X - a potion of resistance
Miscellaneous
 i - a phantom mirror


   Skills:
 - Level 15.0 Fighting
 - Level 15.0 Armour
 + Level 20.6 Dodging
 - Level 5.0 Stealth
 - Level 15.0 Shields
 - Level 25.0 Spellcasting
 - Level 15.0 Hexes
 - Level 22.0 Summonings
 - Level 15.0 Translocations
 - Level 12.0 Invocations


You had 5 spell levels left.
You knew the following spells:

 Your Spells              Type           Power      Damage    Failure   Level
a - Malign Gateway        Summ/Tloc      64%        N/A       1%          7
b - Summon Horrible Thin  Summ           68%        N/A       1%          8
c - Summon Guardian Gole  Hex/Summ       100%       N/A       0%          3
d - Anguish               Hex/Necr       48%        N/A       1%          4
n - Dragon's Call         Summ           68%        N/A       6%          9
p - Monstrous Menagerie   Summ           68%        N/A       1%          7
q - Passage of Golubria   Tloc           100%       N/A       0%          4
s - Summon Lightning Spi  Summ/Air       100%       N/A       1%          4
v - Summon Mana Viper     Hex/Summ       100%       N/A       0%          5
w - Dispersal             Tloc           60%        N/A       1%          6
x - Summon Cactus Giant   Summ           68%        N/A       0%          6
z - Summon Hydra          Summ           68%        N/A       1%          7

Your spell library contained the following spells:

 Spells                   Type           Power      Damage    Failure   Level
 Apportation              Tloc           100%       N/A       0%          1
 Slow                     Hex            100%       N/A       0%          1
 Summon Small Mammal      Summ           100%       N/A       0%          1
 Blink                    Tloc           100%       N/A       0%          2
 Call Imp                 Summ           100%       N/A       0%          2
 Jinxbite                 Hex            100%       N/A       0%          2
 Lesser Beckoning         Tloc           100%       N/A       0%          2
 Call Canine Familiar     Summ           100%       N/A       0%          3
 Confusing Touch          Hex            100%       N/A       0%          3
 Gell's Gravitas          Tloc           100%       N/A       0%          3
 Sigil of Binding         Hex            100%       N/A       0%          3
 Teleport Other           Tloc           100%       N/A       0%          3
 Tukima's Dance           Hex            100%       N/A       0%          3
 Cause Fear               Hex            60%        N/A       0%          4
 Dimensional Bullseye     Hex/Tloc       60%        N/A       0%          4
 Manifold Assault         Tloc           100%       N/A       0%          4
 Summon Forest            Summ/Tloc      64%        N/A       0%          5
 Freeze                   Ice            100%       1d10      1%          1
 Kiss of Death            Conj/Necr      100%       2d13      1%          1
 Magic Dart               Conj           100%       1d8       1%          1
 Necrotise                Necr           100%       1d9       1%          1
 Sandblast                Erth           100%       2d20      1%          1
 Shock                    Conj/Air       100%       1d9       1%          1
 Sting                    Conj/Alch      100%       1d9       1%          1
 Cigotuvi's Dreadful Rot  Necr/Alch/Air  100%       N/A       1%          2
 Ensorcelled Hibernation  Hex/Ice        100%       N/A       1%          2
 Mercury Vapours          Alch/Air       100%       N/A       1%          2
 Momentum Strike          Conj/Tloc      100%       3d10      1%          2
 Passwall                 Alch/Erth      49%        N/A       1%          2
 Scorch                   Fire           100%       2d9       1%          2
 Static Discharge         Conj/Air       100%       3-8/arc   1%          2
 Dazzling Flash           Conj/Hex       100%       N/A       1%          3
 Fugue of the Fallen      Necr           59%        N/A       1%          3
 Inner Flame              Hex/Fire       96%        N/A       1%          3
 Ozocubu's Armour         Ice            59%        N/A       1%          3
 Stone Arrow              Conj/Erth      100%       3d13      1%          3
 Swiftness                Air            59%        N/A       1%          3
 Vampiric Draining        Necr           59%        2d10      1%          3
 Volatile Blastmotes      Fire/Tloc      100%       2d18      1%          3
 Animate Armour           Summ/Erth      100%       N/A       1%          4
 Iskenderun's Mystic Bla  Conj/Tloc      96%        2d19      1%          4
 Summon Ice Beast         Ice/Summ       100%       N/A       1%          4
 Vhi's Electric Charge    Tloc/Air       100%       N/A       1%          4
 Metabolic Englaciation   Hex/Ice        48%        N/A       1%          5
 Silence                  Hex/Air        48%        N/A       1%          5
 Yara's Violent Unravell  Hex/Alch       48%        3d19      1%          5
 Airstrike                Air            29%        2d(5-21)  5%          4
 Animate Dead             Necr           59%        N/A       5%          4
 Brom's Barrelling Bould  Conj/Erth      59%        2d7       5%          4
 Dispel Undead            Necr           59%        3d21      5%          4
 Flame Wave               Conj/Fire      59%        2d14      5%          4
 Fulminant Prism          Conj/Alch      29%        3d14      5%          4
 Ignite Poison            Fire/Alch      59%        N/A       5%          4
 Olgreb's Toxic Radiance  Alch           59%        N/A       5%          4
 Petrify                  Alch/Erth      59%        N/A       5%          4
 Sticky Flame             Fire/Alch      59%        2d10      5%          4
 Agony                    Necr           59%        N/A       14%         5
 Alistair's Intoxication  Alch           39%        N/A       14%         5
 Arcjolt                  Conj/Air       29%        1d39      14%         5
 Borgnjor's Vile Clutch   Necr/Erth      29%        N/A       14%         5
 Fireball                 Conj/Fire      29%        3d13      14%         5
 Freezing Cloud           Conj/Ice/Air   29%        6-21      14%         5
 Irradiate                Conj/Alch      29%        3d21      14%         5
 Enfeeble                 Hex            60%        N/A       1%          7
 Haunt                    Necr/Summ      54%        N/A       4%          7
 Spellforged Servitor     Conj/Summ      54%        N/A       4%          7
 Discord                  Hex            60%        N/A       8%          8
 Disjunction              Tloc           60%        N/A       8%          8
 Bombard                  Conj/Erth      29%        9d5       63%         6
 Conjure Ball Lightning   Conj/Air       29%        3x3d8     63%         6
 Eringya's Noxious Bog    Alch           29%        4d6       63%         6
 Plasma Beam              Fire/Air       29%        2x1d42    63%         6
 Simulacrum               Ice/Necr       29%        N/A       63%         6
 Starburst                Conj/Fire      29%        6d9       63%         6
 Orb of Destruction       Conj           29%        9d9       99%         7
 Ozocubu's Refrigeration  Ice            29%        4d14      99%         7
 Borgnjor's Revivificati  Necr           29%        N/A       100%        8
 Ignition                 Fire           29%        3d9       100%        8
 Lehudib's Crystal Spear  Conj/Erth      29%        10d8      100%        8
 Maxwell's Capacitive Co  Air            29%        ∞         100%        8
 Chain Lightning          Conj/Air       29%        3d39      100%        9
 Death's Door             Necr           29%        N/A       100%        9
 Polar Vortex             Ice            29%        12d3*     100%        9
 Shatter                  Erth           29%        3d24*     100%        9


Dungeon Overview and Level Annotations

Branches:
Dungeon (15/15)            Temple (1/1) D:7            Lair (5/5) D:9
 Shoals (4/4) Lair:3       Spider (4/4) Lair:3        Slime (0/5) Lair:4
    Orc (2/2) D:11            Elf (3/3) Orc:2        Vaults (5/5) D:13
  Crypt (0/3) Vaults:3     Depths (4/4) D:15            Zot (5/5) Depths:4
Ossuary (visited)         Volcano (visited)         Desolation (visited)
Gauntlet (visited)

Altars:
Ashenzari
Cheibriados
Dithmenos
Elyvilon
Fedhas
Gozag
Hepliaklqana
Kikubaaqudgha
Makhleb
Nemelex Xobeh
Okawaru
Qazlal
Ru
Sif Muna
Trog
Uskayaw
Vehumet
Wu Jian
Xom
Yredelemnul
Zin
The Shining One
Jiyva
Lugonu

Shops:
D:8 =   Orc:2 *=(**   Elf:3 [   Shoals:3 *   Shoals:4 (   Vaults:1 [[
Vaults:2 [

Portals:
Hell: Depths:1 Depths:2 Depths:3 Depths:4
Abyss: Depths:1 Depths:2 Depths:3 Depths:4
Pandemonium: Orc:2 Depths:2
Ziggurat: Depths:2

Annotations:
D:3 2 transporters
D:9 2 runed translucent doors
Lair:2 3 runed translucent doors, Poirhunoest's ghost, journeyman HuSu
Lair:5 exclusion: oklob plant
Shoals:3 Mara; Polyphemus
Zot:5 exclusion: upstairs


Innate Abilities, Weirdness & Mutations

You are robust. (+10% HP)
You passively dampen the noise of your surroundings.


Message History

Unknown command.
What level of the Dungeon? (default 1, ? - help)
You see here a +0 spear.
Magic restored.
You see here a +0 dagger.
There is a stone staircase leading up here.
You climb upwards.
Level annotation: 2 transporters
There is a stone staircase leading down here.
A daeva comes into view.
It is wielding a +4 scimitar of holy wrath.
There is a stone staircase leading up, spattered with blood here.
The daeva calls down the wrath of the Shining One upon you.
The Shining One smites you!
The daeva calls down the wrath of the Shining One upon you.
The Shining One smites you!
There is a stone staircase leading up here.
You climb upwards.
There is a stone staircase leading down here.
What level of the Dungeon? (default 1, ? - help)
A Brimstone Fiend comes into view.
The Brimstone Fiend gestures at you.
The sphere of damnation explodes!
The damnation engulfs you!
There is a stone staircase leading up here.
Casting: Dispersal (mildly dangerous; 1% risk of failure)
Confirm with . or Enter, or press ? or * to list all spells.
Casting: Dispersal (mildly dangerous; 1% risk of failure)
Press: ? - help, Dir - look around, f - activate The Brimstone Fiend blinks! x2
Unknown command.
The Brimstone Fiend gestures at you.
The sphere of damnation explodes!
The damnation engulfs you!!!
You climb upwards.
There is a stone staircase leading down here.
Unknown command.
You feel much better.
You feel much better.
You feel much better.
An Orb Guardian comes into view.
There is a staircase leading out of the dungeon here.
You have escaped!

......#.#......P.P......#
#.....#.#..##.P#~#P.#.#.##
#.....#.#..##.##~##.#.#..#
#.....#.#...#.~~~~~.#.##.#
#######.#.#.#.##~##.#...>#
#########.#.#.P#~#P.#.##.#
..........#.#..P.P....##.#
..........#.#......X.###.#
..........#.#...@....# #.#
.........##.........## #X#
####.....##....P.P..# #.#
..##.....##.#.P#~#P.# #.#
#.#####.....#.##~##.# #.#
#..# #######.~~~~~.# #.#
##.## #...##~##.## #.#
#..## ###.#.P#~#P..###.#
##..# #......P.P.[.....#


You could see an Orb Guardian.

Vanquished Creatures
  A sphinx (Vaults:3)
  A storm dragon (Depths:2)
  A draconian monk (Zot:2)
  A deep elf sorcerer (Elf:3)
  2 great orbs of eyes
  A merfolk avatar (Shoals:1)
  A demonic crawler (Spider:4)
  A deep elf knight (Elf:3)
  2 sea snakes
  An orb spider (Spider:2)
  A steelbarb worm (Spider:2)
  An arcanist (Vaults:4)
  An ironbound convoker (Vaults:3)
  A harpy (Shoals:2)
  2 deep elf pyromancers
  A wolf spider (Spider:4)
  An orc sorcerer (Orc:2)
  3 ugly things
  A moth of wrath (Spider:4)
  6 yaktaurs
  An unseen horror (D:10)
  2 tarantellas
  A saltling (Vaults:3)
  3 spriggans (Lair:5)
  6 jumping spiders
  An air elemental (Elf:2)
  A ynoxinul (Abyss:2)
  A yak (Lair:5)
  3 redbacks (Spider:2)
  2 vampire mosquitoes (D:13)
  An acid dragon (D:11)
  A water moccasin (Lair:5)
  3 orc warriors
  A sky beast (D:7)
  A wolf (Lair:5)
  A phantom (D:7)
  2 bullfrogs
  4 orc priests (Orc:2)
  2 orc wizards (Orc:1)
  3 gnolls (D:10)
  An adder (Lair:4)
  11 orcs
  2 bats
  A giant cockroach (D:1)
  2 hobgoblins
  A quokka (D:2)
  A ball python (D:4)
  A rat (D:3)
90 creatures vanquished.

Vanquished Creatures (collateral kills)
  A dread lich (Vaults:5)
  An ancient lich (Zot:5)
  2 orbs of fire (Zot:5)
  Sojobo (Depths:2)
  Bai Suzhen (Depths:2)
  Saint Roka (Orc:2)
  8 Killer Klowns (Zot:5)
  12 golden dragons
  3 caustic shrikes
  Nikola (Shoals:3)
  3 electric golems
  Jorgrun (D:15)
  A hellephant (Abyss:2)
  A Hell Sentinel (Abyss:2)
  2 walking earthen tomes (Depths:2)
  A walking crystal tome (Depths:4)
  25 Orb Guardians (Zot:5)
  2 deep elf blademasters (Elf:3)
  17 tentacled monstrosities
  Asterion (Vaults:1)
  4 liches
  2 walking frostbound tomes
  4 eldritch tentacles
  A titan (Depths:3)
  3 deep elf master archers (Elf:3)
  3 sphinxes
  5 quicksilver dragons
  An ancient champion (Depths:2)
  Kirke (Lair:5)
  A tentacled starspawn (Abyss:2)
  3 death cobs (Zot:5)
  8 tengu reavers
  9 storm dragons
  Aizul (Depths:1)
  8 shadow dragons
  3 protean progenitors
  15 frost giants
  9 fire giants
  4 draconian monks
  2 iron dragons (Vaults:5)
  8 ghost moths
  5 draconian shifters
  19 vault wardens
  7 deep elf sorcerers
  4 draconian scorchers
  6 deep elf elementalists (Elf:3)
  5 emperor scorpions
  An imperial myrmidon (Desolation)
  A cacodemon (Abyss:2)
  The ghost of Bihodil the Severer, a journeyman DgDe (Spider:2)
  Louise (Spider:4)
  A reaper (Gauntlet)
  15 ironbound preservers
  A broodmother (Spider:2)
  3 orc warlords
  4 draconian annihilators
  16 very ugly things
  3 draconian stormcallers
  3 formless jellyfish
  5 war gargoyles
  2 spriggan defenders
  5 ironbound thunderhulks
  18 stone giants
  3 deep elf demonologists
  3 vampire knights
  Nessos (D:15)
  2 deep elf death magi
  10 black draconians
  9 green draconians
  9 deep elf annihilators
  9 yellow draconians
  6 dire elephants
  2 halazid warlocks (Desolation)
  9 red draconians
  7 white draconians
  A minotaur (Gauntlet)
  Azrael (D:15)
  3 spark wasps
  12 purple draconians
  2 crystal guardians
  19 ettins
  Snorg (Lair:4)
  6 merfolk javelineers
  12 merfolk impalers
  5 jiangshi (Depths:4)
  5 fire dragons
  A blizzard demon (Abyss:2)
  7 entropy weavers
  4 deep elf high priests
  A ragged hierophant (Desolation)
  An entropy weaver (shapeshifter) (Depths:1)
  A hell beast (Depths:2)
  10 ice dragons
  9 hydras
  12 yaktaur captains
  8 servants of whispers (Desolation)
  9 spriggan air magi
  3 rakshasas
  31 vault guards
  2 ogre magi
  7 ironbound frosthearts
  10 peacekeepers
  4 merfolk avatars
  3 great orbs of eyes
  4 two-headed ogres
  4 merfolk aquamancers
  A catoblepas (Lair:4)
  30 dancing weapons
  An alligator snapping turtle (Shoals:4)
  2 demonspawn (Orc:2)
  A satyr (Shoals:3)
  3 boulder beetles
  9 centaur warriors
  5 demonic crawlers
  2 sphinx skeletons (Vaults:2)
  5 deep troll earth magi
  5 deep troll shamans
  A hell hog (Depths:2)
  5 tengu warriors
  4 death yaks (Shoals:3)
  3 orc high priests (Orc:2)
  3 occultists
  4 spriggan berserkers
  13 deep elf knights
  2 vampire magi (Depths:4)
  11 hell knights
  2 shock serpents (shapeshifter) (Vaults:5)
  2 skysharks
  A spectral spark wasp (Depths:2)
  3 iron trolls (Depths:2)
  2 pharaoh ants (Spider:1)
  A sea snake (shapeshifter) (Vaults:5)
  4 arcanists
  24 deep trolls
  2 large abominations (Abyss:2)
  3 glowing orange brains
  A sun moth (Spider:4)
  9 deep elf archers
  A flayed ghost (Depths:2)
  A sixfirhy (Abyss:2)
  13 sea snakes
  3 steelbarb worms
  23 ironbound convokers
  3 necromancers
  11 orb spiders
  5 lindwurms
  3 lindwurms (shapeshifter)
  37 deep elf pyromancers
  A kraken simulacrum (Shoals:4)
  2 phantasmal warriors
  4 orc knights
  14 wolf spiders
  26 deep elf zephyrmancers
  A harpy (shapeshifter) (D:15)
  16 harpies
  21 moths of wrath
  A glowing shapeshifter (Depths:4)
  15 manticores
  8 orc sorcerers (Orc:2)
  4 cyclopes
  2 wolf spiders (shapeshifter)
  26 ugly things
  15 elephants
  A shining eye (shapeshifter) (Vaults:5)
  A salamander (D:15)
  17 fauns
  A frost giant skeleton (Vaults:2)
  4 kobold blastminers
  An apocalypse crab (Abyss:2)
  A torpor snail (shapeshifter) (Vaults:5)
  5 guardian serpents (Desolation)
  19 vault sentinels
  6 black mambas
  11 merfolk sirens
  A stone giant skeleton (Vaults:2)
  A rust devil (Orc:2)
  7 water nymphs
  A smoke demon (Abyss:2)
  A gargoyle (D:13)
  2 torpor snails
  A molten gargoyle (Desolation)
  3 orange demons (Abyss:2)
  2 unseen horrors
  10 cane toads
  A bunyip simulacrum (Abyss:2)
  2 freezing wraiths (Vaults:5)
  An unseen horror (shapeshifter) (D:15)
  A kobold demonologist (D:12)
  A rime drake (Lair:5)
  A human zombie (Vaults:2)
  29 yaktaurs
  A rime drake (shapeshifter) (Depths:4)
  4 efreet
  3 komodo dragons
  A human skeleton (Vaults:2)
  26 merfolk
  3 tengu conjurers
  4 trolls
  A red devil (Orc:2)
  A tarantella (shapeshifter) (D:8)
  2 hellwings
  10 hornets
  5 polar bears
  5 wind drakes
  3 blink frogs (Lair:4)
  61 saltlings
  21 tarantellas
  14 snapping turtles
  4 dream sheep
  2 glass eyes
  36 slime creatures
  13 jumping spiders
  16 culicivoras
  A ynoxinul (Abyss:2)
  9 spriggans
  16 water elementals
  3 wraiths
  A vampire (D:11)
  2 wyverns (Lair:1)
  2 hogs (Lair:5)
  2 shadows (Gauntlet)
  46 yaks
  A warg (Orc:2)
  12 fire elementals
  9 vampire mosquitoes
  A steam dragon (D:8)
  Grum (D:8)
  52 redbacks
  4 humans (D:13)
  A redback (shapeshifter) (D:15)
  2 basilisks
  Menkaure (Ossuary)
  14 two-headed ogre zombies (D:11)
  4 small abominations (Abyss:2)
  2 chaos spawn
  4 acid dragons
  8 hell hounds
  20 water moccasins
  An ettin simulacrum (Vaults:2)
  9 black bears
  A sky beast (D:8)
  2 ice beasts (D:7)
  An ogre (shapeshifter) (D:14)
  22 orc warriors
  7 boggarts
  23 wolves
  8 ogres
  5 centaurs
  4 phantoms (D:7)
  6 kobold brigands
  2 gnoll sergeants
  10 bullfrogs
  An earth elemental (Elf:2)
  4 scorpions
  12 wights
  7 howler monkeys
  9 nameless horrors
  An electric eel (D:6)
  2 centaur zombies (D:7)
  2 jellies
  2 hounds (D:6)
  A quasit (Abyss:2)
  2 gnoll boudas
  18 orc priests
  9 sleepcaps
  Jessica (D:2)
  An iguana (D:7)
  16 orc wizards
  3 scorpion zombies (D:7)
  4 killer bee zombies (D:7)
  An ogre zombie (D:11)
  3 mummies (Ossuary)
  11 adders
  19 gnolls
  13 shadow imps
  2 worms
  3 dart slugs
  52 orcs
  5 ball pythons
  8 endoplasms
  3 giant cockroaches
  2 gnoll zombies (Ossuary)
  6 hobgoblins
  2 jackals (D:2)
  11 kobolds
  4 quokkas
  2 bats (D:2)
  2 frilled lizards
  4 gnoll skeletons (Ossuary)
  8 goblins
  3 goblin skeletons (Ossuary)
  4 goblin zombies (Ossuary)
  4 hobgoblin skeletons (Ossuary)
  4 hobgoblin zombies (Ossuary)
  5 kobold skeletons (Ossuary)
  5 kobold zombies (Ossuary)
  4 orc skeletons (Ossuary)
  2 orc zombies (Ossuary)
  5 rats
  5 rat skeletons (Ossuary)
  8 rat zombies (Ossuary)
  A spectral kobold (D:3)
  2 aspiring fleshes (Zot:2)
  A spectral weapon (Vaults:1)
1990 creatures vanquished.

Vanquished Creatures (others)
  Arachne (Spider:4)
  77 eldritch tentacles
  Donald (Spider:4)
  A draconian monk (Zot:1)
  2 emperor scorpions (Spider:4)
  3 vault wardens
  A ghost moth (Spider:4)
  2 very ugly things
  2 ironbound preservers
  2 draconian annihilators (Zot:1)
  2 black draconians (Zot:1)
  A green draconian (Zot:1)
  2 deep elf annihilators (Elf:3)
  A dire elephant (Vaults:4)
  A red draconian (Zot:1)
  2 spark wasps
  A white draconian (Depths:4)
  An ettin (Vaults:5)
  A yaktaur captain (Vaults:3)
  4 entropy weavers
  A radroach (Spider:3)
  5 centaur warriors (Vaults:3)
  A servant of whispers (Desolation)
  4 vault guards
  A hydra (Lair:5)
  An ice dragon (Depths:1)
  An ogre mage (Vaults:4)
  A jorogumo (Spider:4)
  2 ironbound frosthearts
  A deep troll earth mage (Depths:2)
  2 tengu warriors (Depths:2)
  An orc high priest (Orc:2)
  2 hell knights
  A skyshark (Lair:4)
  9 deep trolls
  2 lindwurms
  2 deep elf archers
  An arcanist (Vaults:4)
  2 deep elf pyromancers
  3 ironbound convokers
  3 orc knights
  An orc sorcerer (Orc:2)
  A deep elf zephyrmancer (Elf:1)
  An ugly thing (Vaults:4)
  2 wolf spiders
  2 elephants
  A cyclops (Shoals:1)
  A manticore (Shoals:3)
  A kobold blastminer (Orc:2)
  A vault sentinel (Vaults:4)
  A guardian serpent (Desolation)
  A black mamba (Lair:5)
  4 cane toads
  A rime drake (Lair:4)
  A kobold demonologist (D:11)
  2 komodo dragons
  6 yaktaurs (Vaults:3)
  A merfolk (Shoals:1)
  A polar bear (Lair:5)
  A saltling (Desolation)
  2 tarantellas
  4 jumping spiders
  2 wyverns
  2 spriggans (Lair:5)
  A small abomination (Abyss:2)
  2 culicivoras
  2 hogs (Lair:5)
  7 yaks
  7 redbacks
  3 orc warriors
  2 centaurs
  An electric eel (Spider:4)
  2 orc priests (D:11)
  An orc (Orc:2)
  30 snaplasher vines
  2 starspawn tentacles (Abyss:2)
  7 tentacles
261 creatures vanquished.

Grand Total: 2341 creatures vanquished

Notes
Turn   | Place    | Note
-------+----------+-------------------------------------------
     0 | D:1      | experimilk the Deep Elf Summoner began the quest for the
                  | Orb.
     0 | D:1      | Reached XP level 1. HP: 10/10 MP: 6/6
   285 | D:1      | Reached XP level 2. HP: 15/15 MP: 6/8
   299 | D:1      | Learned a level 2 spell: Call Imp
   355 | D:1      | Reached skill level 5 in Summonings
  1160 | D:2      | Reached XP level 3. HP: 19/19 MP: 5/9
  1164 | D:2      | Learned a level 3 spell: Call Canine Familiar
  1351 | D:2      | Noticed Jessica
  1361 | D:2      | Killed Jessica
  1362 | D:2      | Reached XP level 4. HP: 7/24 MP: 3/10
  1466 | D:2      | Found a bloodstained altar of Trog.
  1669 | D:2      | You fall into a shaft and drop 2 floors!
  2375 | D:3      | Found an ancient bone altar of Kikubaaqudgha.
  2444 | D:3      | Found a faded altar of an unknown god.
  2559 | D:3      | Found a transporter.
  2559 | D:3      | Noticed an ogre
  2875 | D:3      | Identified the staff of Temperance {rF+ Fire Earth}
  2934 | D:3      | Found a transporter.
  3163 | D:3      | Found a sparkling altar of Nemelex Xobeh.
  3332 | D:3      | Killed an ogre
  3333 | D:3      | Reached XP level 5. HP: 28/28 MP: 2/11
  4301 | D:4      | Reached XP level 6. HP: 32/32 MP: 4/12
  4549 | D:4      | Found a snail-covered altar of Cheibriados.
  4865 | D:5      | Entered Level 5 of the Dungeon
  5494 | D:5      | Found a shimmering altar of Xom.
  5538 | D:5      | Reached XP level 7. HP: 36/36 MP: 10/13
  5944 | D:6      | Reached skill level 10 in Summonings
  6361 | D:6      | Reached skill level 4 in Spellcasting
  6444 | D:6      | Reached skill level 5 in Spellcasting
  6454 | D:6      | Reached skill level 6 in Spellcasting
  6783 | D:6      | Reached skill level 7 in Spellcasting
  6783 | D:6      | Reached XP level 8. HP: 41/41 MP: 14/20
  7051 | D:6      | Learned a level 4 spell: Summon Lightning Spire
  7258 | D:7      | Reached skill level 8 in Spellcasting
  7353 | D:7      | Reached skill level 9 in Spellcasting
  7357 | D:7      | Found a staircase to the Ecumenical Temple.
  7366 | Temple   | Entered the Ecumenical Temple
  7407 | Temple   | Became a worshipper of Sif Muna the Loreminder
  7466 | D:7      | Reached skill level 10 in Spellcasting
  7591 | D:7      | Reached XP level 9. HP: 45/45 MP: 25/25
  7613 | D:7      | Identified the +5 plate armour of the Forest {Dex+5}
  7703 | D:7      | Noticed a two-headed ogre
  7716 | D:7      | Killed a two-headed ogre
  7844 | D:7      | Found a stormy altar of Qazlal.
  7864 | D:7      | Found a sand-covered staircase.
  7869 | Ossuary  | Entered an ossuary
  7975 | Ossuary  | Reached * piety under Sif Muna
  8221 | Ossuary  | Reached ** piety under Sif Muna
  8226 | Ossuary  | Noticed Menkaure
  8282 | Ossuary  | Killed Menkaure
  9409 | D:7      | Reached XP level 10. HP: 50/50 MP: 24/26
  9825 | D:7      | Reached *** piety under Sif Muna
 10299 | D:7      | Identified the +8 shadow dragon scales of the Lobster
                  | {Rampage Int+3 SInv Stlth++++}
 10322 | D:7      | Learned a level 1 spell: Apportation
 10594 | D:8      | Noticed Grum
 10603 | D:8      | Reached skill level 1 in Translocations
 10611 | D:8      | Killed Grum
 10612 | D:8      | Reached skill level 15 in Summonings
 10873 | D:8      | Learned a level 3 spell: Summon Guardian Golem
 11005 | D:8      | Noticed a two-headed ogre
 11018 | D:8      | Killed a two-headed ogre
 11271 | D:8      | Found Haocyamp's Jewellery Shop.
 11526 | D:8      | Bought an amulet of magic regeneration for 420 gold pieces
 12278 | D:8      | Reached skill level 5 in Dodging
 13013 | D:9      | Found a staircase to the Lair.
 13027 | D:9      | Reached skill level 5 in Hexes
 13153 | D:9      | Found a runed translucent door.
 13175 | D:9      | Reached skill level 5 in Translocations
 13770 | D:9      | Found a runed translucent door.
 13996 | D:9      | Upgraded the game from 0.31-a0-1321-g5021b54cb2 to
                  | 0.31-a0-1338-gb567cfdca4
 14041 | D:10     | Entered Level 10 of the Dungeon
 14080 | Lair:1   | Entered Level 1 of the Lair of Beasts
 14087 | Lair:1   | Reached XP level 11. HP: 54/54 MP: 17/27
 14172 | Lair:1   | Reached skill level 11 in Spellcasting
 14224 | Lair:1   | Reached **** piety under Sif Muna
 14493 | Lair:1   | Reached skill level 12 in Spellcasting
 15014 | Lair:1   | Reached skill level 13 in Spellcasting
 15159 | Lair:1   | Reached skill level 14 in Spellcasting
 15718 | Lair:2   | Identified the +5 dagger "Ycurus" {pain, rF+}
 15745 | Lair:2   | Reached skill level 15 in Spellcasting
 15775 | Lair:2   | Found a runed translucent gate.
 15827 | Lair:2   | Found a runed translucent gate.
 15967 | Lair:2   | Found a runed translucent gate.
 15982 | Lair:2   | Noticed a minotaur
 15982 | Lair:2   | Noticed Poirhunoest's ghost (journeyman HuSu)
 16559 | Lair:2   | Reached XP level 12. HP: 59/59 MP: 21/33
 16767 | Lair:2   | Reached skill level 5 in Stealth
 17229 | Lair:2   | Learned a level 3 spell: Sigil of Binding
 17236 | Lair:2   | Learned a level 6 spell: Summon Cactus Giant
 17980 | Lair:3   | Noticed a five-headed hydra
 17986 | Lair:3   | Killed a five-headed hydra
 18040 | Lair:3   | Found a hole to the Spider Nest.
 18249 | Lair:3   | Found a staircase to the Shoals.
 18365 | Lair:3   | Noticed a four-headed hydra
 18377 | Lair:3   | Killed a four-headed hydra
 18876 | Lair:3   | Learned a level 6 spell: Dispersal
 19031 | Lair:4   | Noticed a catoblepas
 19046 | Lair:4   | Killed a catoblepas
 19736 | Lair:4   | Found a viscous altar of Jiyva.
 19739 | Lair:4   | Found a staircase to the Slime Pits.
 20081 | Lair:4   | Noticed Snorg
 20099 | Lair:4   | Killed Snorg
 20622 | Lair:4   | Reached skill level 10 in Dodging
 20905 | Lair:4   | Reached skill level 10 in Translocations
 20946 | Lair:4   | Reached skill level 1 in Fighting
 20953 | Lair:4   | Reached ***** piety under Sif Muna
 21245 | Lair:4   | Reached XP level 13. HP: 63/68 MP: 34/34
 21261 | Lair:4   | Found the +8 whip "Snakebite" {venom, curare, rPois}
 21376 | Lair:5   | Entered Level 5 of the Lair of Beasts
 21415 | Lair:5   | Noticed Kirke
 21435 | Lair:5   | Killed Kirke
 21436 | Lair:5   | Reached skill level 5 in Fighting
 21442 | Lair:5   | Reached skill level 1 in Invocations
 21536 | Lair:5   | Received a gift from Sif Muna
 21544 | Lair:5   | Reached skill level 5 in Invocations
 22218 | Lair:5   | Reached skill level 10 in Invocations
 23747 | Lair:5   | Reached XP level 14. HP: 64/76 MP: 28/35
 23891 | Lair:5   | Received a gift from Sif Muna
 23901 | Lair:5   | Got Sif Muna's Parchment of Relocated Fascination {god
                  | gift}
 23909 | Lair:5   | Learned a level 4 spell: Passage of Golubria
 24827 | Lair:1   | Learned a level 4 spell: Anguish
 25073 | D:10     | Found a blossoming altar of Fedhas.
 25097 | D:10     | Identified 2 scrolls of acquirement
 25098 | D:10     | Acquired the ring of Quevvul {rElec rC+ Int+6 Dex+6 Stlth+}
 25100 | D:10     | Acquired the +4 hat of the Okapi {rCorr Str+3 Dex+4}
 25820 | D:10     | Found a broken altar of Ashenzari.
 26786 | D:11     | Found a staircase to the Orcish Mines.
 28454 | Orc:1    | Entered Level 1 of the Orcish Mines
 28845 | Orc:2    | Entered Level 2 of the Orcish Mines
 28871 | Orc:2    | Found a dark tunnel.
 28876 | Volcano  | Entered a volcano
 28900 | Volcano  | Received a gift from Sif Muna
 28901 | Volcano  | Got Sif Muna's Thoughts on the Familiar and Ectoplasm {god
                  | gift}
 28908 | Volcano  | Learned a level 5 spell: Summon Forest
 29628 | Orc:2    | Found a staircase to the Elven Halls.
 29633 | Orc:2    | Found Roxoleuf's Assorted Antiques.
 29650 | Orc:2    | Noticed Saint Roka
 29892 | Orc:2    | Killed Saint Roka
 29992 | Orc:2    | Bought a scroll of fear for 96 gold pieces
 29992 | Orc:2    | Bought a potion of magic for 192 gold pieces
 29992 | Orc:2    | Bought 3 scrolls of fear for 288 gold pieces
 29992 | Orc:2    | Bought a scroll of identify for 48 gold pieces
 30210 | Orc:1    | Found Zuboisua's Magic Scroll Shop.
 30814 | Orc:2    | Found Dedeokk's General Store.
 31100 | Orc:2    | Found Bawn's General Store.
 33071 | Orc:2    | Reached XP level 15. HP: 82/82 MP: 17/36
 33544 | Orc:2    | Found Uchae's Jewellery Emporium.
 33544 | Orc:2    | Found Hautwy's Antique Weapon Shoppe.
 33545 | Orc:2    | Found a one-way gate leading to the halls of Pandemonium.
 33787 | D:12     | Received a gift from Sif Muna
 34014 | Orc:2    | Bought a book of the Wilderness for 532 gold pieces
 34023 | Orc:2    | Learned a level 5 spell: Summon Mana Viper
 35221 | D:13     | Found a gate leading to a gauntlet.
 35228 | Gauntlet | Entered a Gauntlet
 35228 | Gauntlet | Found a transporter.
 35228 | Gauntlet | Found a transporter.
 35229 | Gauntlet | Found a transporter.
 35231 | Gauntlet | Found a transporter.
 35233 | Gauntlet | Found a transporter.
 35240 | Gauntlet | Found a transporter.
 35241 | Gauntlet | Found a transporter.
 35242 | Gauntlet | Found a transporter.
 35244 | Gauntlet | Found a transporter.
 35252 | Gauntlet | Found a transporter.
 35252 | Gauntlet | Found a transporter.
 35335 | Gauntlet | Found a transporter.
 35838 | Gauntlet | Identified the +4 rapier of Gloom {pain, Will+}
 37290 | D:13     | Reached skill level 10 in Hexes
 37305 | D:13     | Reached skill level 15 in Translocations
 37436 | D:13     | Found a gate to the Vaults.
 37879 | D:14     | Identified the serpent talisman of Leaves {rC++ Dex+6}
 37976 | D:14     | Reached skill level 16 in Spellcasting
 39496 | D:15     | Entered Level 15 of the Dungeon
 39507 | D:15     | Received a gift from Sif Muna
 39508 | D:15     | Got Sif Muna's Catalogue of the First Blessings {god gift}
 39535 | D:15     | Reached skill level 17 in Spellcasting
 39556 | D:15     | Identified the +0 ring mail of the Comet {+Blink rC+ Str+3
                  | Int-3}
 39717 | D:15     | Noticed Nessos
 39726 | D:15     | Killed Nessos
 39861 | D:15     | Noticed Azrael
 39869 | D:15     | Killed Azrael
 39925 | D:15     | Noticed Jorgrun
 39933 | D:15     | Killed Jorgrun
 40033 | D:15     | Reached skill level 18 in Spellcasting
 40551 | D:15     | Found a staircase to the Depths.
 40588 | D:15     | Found a sacrificial altar of Ru.
 40876 | Shoals:1 | Entered Level 1 of the Shoals
 41151 | Shoals:1 | Noticed a kraken
 41367 | Lair:3   | Reached skill level 19 in Spellcasting
 41559 | Spider:1 | Entered Level 1 of the Spider Nest
 41564 | Spider:1 | Reached XP level 16. HP: 87/87 MP: 23/41
 41697 | Spider:1 | Received a gift from Sif Muna
 44782 | Spider:2 | Received a gift from Sif Muna
 44783 | Spider:2 | Got Sif Muna's Essays on Relocation {god gift}
 44912 | Spider:2 | Found a runed translucent door.
 44913 | Spider:2 | Found a shimmering altar of Xom.
 44913 | Spider:2 | Noticed Bihodil's ghost (journeyman DgDe)
 46095 | Spider:2 | Killed Bihodil's ghost
 46234 | Spider:2 | Identified the ring "Celiroif" {AC+4 Slay+5}
 47065 | Spider:3 | Learned a level 9 spell: Dragon's Call
 47253 | Spider:3 | Reached skill level 20 in Spellcasting
 48122 | Spider:3 | Received a gift from Sif Muna
 48140 | Spider:3 | Got Guotiez's Disquisition on Lightning and Translocation
                  | {god gift}
 48376 | Spider:4 | Entered Level 4 of the Spider Nest
 48390 | Spider:4 | Noticed Louise
 48433 | Spider:4 | Killed Louise
 48561 | Spider:4 | Reached XP level 17. HP: 66/100 MP: 21/43
 48562 | Spider:4 | Noticed Donald
 48570 | Spider:4 | Killed Donald
 48868 | Spider:4 | Noticed Arachne
 48876 | Spider:4 | Killed Arachne
 49980 | Spider:4 | Reached skill level 10 in Fighting
 50777 | Spider:4 | Got a gossamer rune of Zot
 51273 | Shoals:1 | Reached skill level 1 in Shields
 51973 | Shoals:1 | Received a gift from Sif Muna
 51974 | Shoals:1 | Got Asmodeus's Incunable of the Dragon and Support {god
                  | gift}
 52108 | Shoals:1 | Learned a level 7 spell: Monstrous Menagerie
 53107 | Shoals:1 | Learned a level 8 spell: Summon Horrible Things
 53251 | Shoals:2 | Reached skill level 5 in Shields
 54150 | Shoals:2 | You fall into a shaft and drop 1 floor!
 54193 | Shoals:3 | Found Iplos's Assorted Antiques.
 54202 | Shoals:3 | Reached XP level 18. HP: 100/107 MP: 22/44
 54210 | Shoals:3 | Noticed Nikola
 54217 | Shoals:3 | Killed Nikola
 54229 | Shoals:3 | Noticed Polyphemus
 54252 | Shoals:3 | Noticed Mara
 54260 | Shoals:3 | Noticed experimilk's illusion
 54744 | Shoals:3 | Noticed experimilk's illusion
 55045 | Shoals:3 | Bought a potion of curing for 66 gold pieces
 55045 | Shoals:3 | Bought 2 potions of heal wounds for 220 gold pieces
 55045 | Shoals:3 | Bought a scroll of blinking for 165 gold pieces
 55237 | Shoals:4 | Entered Level 4 of the Shoals
 55320 | Shoals:4 | Found Boime's Weapon Emporium.
 55391 | Shoals:4 | Identified the +0 helmet of Quguaf {-Tele rElec Regen+
                  | Dex+4}
 55906 | Shoals:4 | Got a barnacled rune of Zot
 57716 | Elf:1    | Entered Level 1 of the Elven Halls
 58453 | Elf:1    | You fall into a shaft and drop 1 floor!
 58453 | Elf:2    | Found a huge runed translucent gate.
 58453 | Elf:2    | Found a huge runed translucent gate.
 58453 | Elf:2    | Found a huge runed translucent gate.
 58462 | Elf:2    | Reached skill level 10 in Shields
 58500 | Elf:2    | Found a huge runed translucent gate.
 58501 | Elf:2    | Found a huge runed translucent gate.
 58627 | Elf:2    | Learned a level 3 spell: Summon Guardian Golem
 59013 | Elf:2    | Reached XP level 19. HP: 86/112 MP: 27/45
 59797 | Elf:2    | Paralysed by an air elemental for 1 turns
 59949 | Elf:2    | Received a gift from Sif Muna
 61697 | Vaults:1 | Entered Level 1 of the Vaults
 62168 | Vaults:1 | Noticed Asterion
 62174 | Vaults:1 | Killed Asterion
 62225 | Vaults:1 | Found Wuukoxt's Antique Armour Shop.
 63100 | Vaults:1 | Received a gift from Sif Muna
 63126 | Vaults:1 | Got Xesol's Disquisition on the Productive Shot {god gift}
 63164 | Vaults:1 | Learned a level 7 spell: Malign Gateway
 63378 | Vaults:1 | Reached skill level 21 in Spellcasting
 63608 | Vaults:1 | Found Giraph's Armour Shoppe.
 64770 | Vaults:2 | Reached skill level 22 in Spellcasting
 65184 | Vaults:2 | Reached skill level 15 in Dodging
 65627 | Vaults:2 | Found Elomyjec's Antique Armour Emporium.
 65635 | Vaults:2 | Bought a distressingly furry orb for 504 gold pieces
 65635 | Vaults:2 | Identified the orb of Wu Jian's Displeasure {guile, rElec
                  | Str+3} (You bought it in a shop on level 2 of the Vaults)
 65770 | Vaults:2 | Reached XP level 20. HP: 117/117 MP: 10/48
 66376 | Vaults:3 | Found a crumbling gateway.
 66392 | Vaults:3 | Reached skill level 23 in Spellcasting
 66408 | Vaults:3 | Received a gift from Sif Muna
 66516 | Vaults:3 | Got Sif Muna's Codex of the Cucurbite {god gift}
 66527 | Desolati | Entered the Desolation of Salt
 66600 | Desolati | Reached skill level 24 in Spellcasting
 67318 | Desolati | Identified the ring of Gerph {rN+ Int+4 SInv Stlth-}
 67404 | Desolati | Reached skill level 25 in Spellcasting
 67409 | Desolati | Reached skill level 1 in Armour
 67542 | Desolati | Found the +3 Mad Mage's Maulers {Infuse+∞ VampMP -Cast}
 67556 | Desolati | Identified the +0 plate armour of Ashenzari's Regard
                  | {Slay+3 SInv}
 67801 | Desolati | Identified the +1 short sword of Lurewk {freeze, rN+}
 67803 | Desolati | Identified the +2 orcbow "Q" {speed, rElec rF- Int+4 Dex+3}
 67806 | Desolati | Identified the ring "Qamef" {Will+ EV+5 Str+9 Int+3}
 68169 | Desolati | Received a gift from Sif Muna
 68170 | Desolati | Got Sif Muna's Catalogue of Cooperative Momentum {god gift}
 68371 | Vaults:3 | Found a staircase to the Crypt.
 68371 | Vaults:3 | Found an ancient bone altar of Kikubaaqudgha.
 68372 | Vaults:3 | Found a basalt altar of Yredelemnul.
 69362 | Vaults:3 | Learned a level 7 spell: Summon Hydra
 69780 | Vaults:3 | Identified the +2 cloak of Qumaw {-Cast Fly rC+ Regen+}
 70633 | Vaults:4 | Reached skill level 5 in Armour
 70648 | Vaults:4 | Reached XP level 21. HP: 50/124 MP: 14/52
 71708 | Vaults:4 | Received a gift from Sif Muna
 71983 | Vaults:4 | Got Fonoutiw's Textbook on Force {god gift}
 72886 | Elf:3    | Entered Level 3 of the Elven Halls
 72961 | Elf:3    | Found Raib Vib's Armour Shoppe.
 73772 | Abyss:2  | Cast into level 2 of the Abyss (a deep elf sorcerer)
 74137 | Elf:3    | Escaped the Abyss
 75358 | Elf:3    | Identified the +7 great sword of Wixampe {speed, +Blink rF+
                  | Str+2}
 75358 | Elf:3    | Identified the amulet "Quqonu" {Spirit Fly rF+}
 75928 | Elf:3    | Identified the ring of Taowioso {Ice rElec Str+3}
 75943 | Elf:3    | Identified the +6 morningstar "Qolluteg" {holy, Will+ rCorr
                  | Dex+3 SInv}
 76138 | Elf:3    | Received a gift from Sif Muna
 77086 | Elf:3    | Got Dispater's Compilation of Gathered Bolts
 77087 | Elf:3    | Identified the +1 rapier "Ixtyuc" {protect, Will+ Int+6
                  | SInv Stlth-}
 77139 | Elf:3    | Learned a level 9 spell: Dragon's Call
 77390 | Depths:1 | Entered Level 1 of the Depths
 77696 | Depths:1 | Identified the serpent talisman of a treasure trove {rC+
                  | rN+}
 77696 | Depths:1 | Noticed Aizul
 77820 | Depths:1 | Reached XP level 22. HP: 89/132 MP: 21/53
 77827 | Depths:1 | Killed Aizul
 78170 | Depths:1 | Identified the staff of Defiance {rF+ rC+ Ice}
 78914 | Depths:1 | Found a gateway to Hell.
 78985 | Depths:1 | Found a one-way gate to the infinite horrors of the Abyss.
 79264 | Depths:1 | Found a portal to a secret trove of treasure.
 79451 | Depths:2 | Reached skill level 10 in Armour
 79718 | Depths:2 | Found a one-way gateway to a ziggurat.
 79732 | Depths:2 | Identified the +4 ring mail of the Pirate {rElec Str+3}
 80490 | Depths:2 | Noticed Bai Suzhen
 80614 | Depths:2 | Noticed Sojobo
 80625 | Depths:2 | Killed Sojobo
 80658 | Depths:2 | Killed Bai Suzhen
 81268 | Depths:2 | Noticed a caustic shrike
 81276 | Depths:2 | Killed a caustic shrike
 81276 | Depths:2 | Received a gift from Sif Muna
 81354 | Depths:2 | Got Sif Muna's Opusculum on the Breezy Mesa {god gift}
 82952 | Depths:2 | Noticed a caustic shrike
 82962 | Depths:2 | Identified the +6 broad axe of Viny Innocence {freeze, rN++
                  | rCorr}
 82962 | Depths:2 | Killed a caustic shrike
 83222 | Depths:2 | Noticed a golden dragon
 83240 | Depths:2 | Killed a golden dragon
 83709 | Depths:2 | Found a radiant altar of Vehumet.
 84298 | Depths:3 | Reached XP level 23. HP: 134/136 MP: 33/54
 84298 | Depths:3 | Received a gift from Sif Muna
 85280 | Depths:3 | Found a corrupted altar of Lugonu.
 85498 | Depths:3 | Noticed a caustic shrike
 85503 | Depths:3 | Killed a caustic shrike
 86120 | Depths:3 | Identified the +6 sling "Ydofoab" {drain, +Blink rC+ Str+2}
 86540 | Depths:4 | Entered Level 4 of the Depths
 87109 | Depths:4 | Reached XP level 24. HP: 144/144 MP: 54/54
 87667 | Depths:4 | Found a gate to the Realm of Zot.
 88122 | Vaults:5 | Entered Level 5 of the Vaults
 88902 | Vaults:5 | Noticed a dread lich
 88902 | Vaults:5 | Identified the +4 war axe of the Writhing Fool {venom,
                  | Int+4}
 88902 | Vaults:5 | Identified the ring of Nemelex Xobeh's Whim {Ice rCorr MP+9
                  | Dex-2 Slay+6}
 88906 | Vaults:5 | Reached XP level 25. HP: 148/148 MP: 9/54
 89251 | Vaults:5 | Killed a dread lich
 89737 | Vaults:5 | Identified the +3 ring mail of Ostruytuu {+Blink rC+ Int+3
                  | Dex+2}
 89805 | Vaults:5 | Identified the staff of Tukek {rF+++ rC++ Int-3 Conj Ice}
 89810 | Vaults:5 | Identified the +6 spear of Ru's Hatred {flame, rN+ MP+9
                  | Str-3}
 90378 | Vaults:5 | Found the +8 lance "Wyrmbane" {slay drac, rPois rF+ rC+
                  | AC+3}
 90387 | Vaults:5 | Identified the +6 chain mail of Omirch {rF- Will+++ Int-2
                  | SInv}
 90524 | Vaults:5 | Identified the +11 sling of Terror {speed, Will+ rCorr
                  | Str+3 Dex+3}
 90579 | Vaults:5 | Got a silver rune of Zot
 91293 | Depths:1 | You paid a toll of 6 scrolls of fear to enter a treasure
                  | trove
 91294 | Trove    | Entered a treasure trove
 91297 | Trove    | Found the +18 Lear's hauberk
 91300 | Trove    | Identified the +4 pair of boots "Leinass" {Fly Int-4 Dex+6
                  | Stlth-}
 91304 | Trove    | Identified the +0 helmet of Impressiveness {Will+}
 91306 | Trove    | Identified the +1 leather armour "Imusuc" {Str+5 Int-2}
 91310 | Trove    | Identified the +0 scale mail "Gomn" {rC+ Str+5 Int-5
                  | Stlth+}
 91311 | Trove    | Identified the +2 pair of gloves of the Will of the Gods
                  | {rF- rCorr Dex+6}
 91612 | Zot:1    | Entered Level 1 of the Realm of Zot
 95096 | Zot:1    | Identified the +8 rapier of Cocytus {freeze, rC+}
 95102 | Zot:1    | You fall into a shaft and drop 1 floor!
 95125 | Zot:2    | Reached skill level 15 in Armour
 95913 | Zot:2    | Reached skill level 15 in Shields
 96749 | Zot:5    | Entered Level 5 of the Realm of Zot
 96912 | Zot:4    | Noticed a Killer Klown
 97337 | Zot:5    | Identified the +2 flail of Asaizaxted {flame, rF- Int+4}
 98065 | Zot:5    | Reached XP level 26. HP: 157/157 MP: 1/54
 98422 | Zot:5    | Noticed an orb of fire
 98432 | Zot:5    | Gained mutation: Your body sometimes deteriorates upon
                  | taking damage. [an orb of fire]
 98447 | Zot:5    | Killed an orb of fire
 98489 | Zot:4    | Lost mutation: Your body sometimes deteriorates upon taking
                  | damage. [potion of mutation]
 98489 | Zot:4    | Gained mutation: You passively dampen the noise of your
                  | surroundings. [potion of mutation]
 98489 | Zot:4    | Gained mutation: You are robust. (+10% HP) [potion of
                  | mutation]
 99306 | Zot:5    | Noticed an ancient lich
 99313 | Zot:5    | Killed an ancient lich
100009 | Zot:5    | Noticed an orb of fire
100021 | Zot:5    | Killed an orb of fire
100022 | Zot:5    | Reached skill level 15 in Fighting
100363 | Zot:5    | Reached skill level 15 in Hexes
100370 | Zot:5    | Received a gift from Sif Muna
100531 | Zot:5    | Got Guhiorub's Catalogue of Cold Spelunking {god gift}
100680 | Zot:5    | Got the Orb of Zot
100731 | Zot:5    | Noticed Xaeloal the pandemonium lord
101253 | D:$      | Escaped with the Orb!

Illustrated notes

Levels and vault maps discovered:
D:1:      eino_arrival_water_cross, layout_basic, minmay_misc_feat_ornament,
          chequers_mini_garden, kennysheep_minor_cross,
          dreamdust_mushroom_princess
D:2:      layout_rooms, basic_altar, uniq_jessica
D:3:      gammafunk_steamed_eel, layout_basic, mainiacjoe_overflow_catwalk,
          nicolae_kikubaaqudgha_miasma_corner,
          dreamdust_ecumenical_altar_drowned_temple, kennysheep_generic_room_14
D:4:      layout_rooms, cheibrodos_worm_habitat
D:5:      layout_basic, mainiacjoe_overflow_paths, kennysheep_generic_room_3
D:6:      layout_basic, nicolae_lava_and_water, corexii_item_surrounded_by_moat
D:7:      bobbens_index_wilting_gardens, layout_cave_pools,
          mainiacjoe_overflow_alcove_1, minmay_temple_entry_waves,
          nicolae_ossuary_entry_ruins, minmay_three_doors
D:8:      minmay_chambers_of_fours, layout_loops_ring, serial_shops, shop,
          chequers_hall_statues_y, uniq_grum
D:9:      cheibrodos_histonic, layout_basic
D:10:     layout_loops_ring, lemuel_tele_altar, nicolae_ashenzari_panopticon
D:11:     lemuel_ogre_cave, layout_basic, hiddenorc1_lemuel
D:12:     layout_irregular_city, serial_column_ruins,
          column_ruins_circle_medium, column_ruins_hut, column_ruins_open_tiny,
          column_ruins_grid_1, column_ruins_columns_straight,
          column_ruins_open_small, column_ruins_open_small
D:13:     layout_loops_ring, hellmonk_vaults_keyhole, gauntlet_entry_generic
D:14:     layout_cave_pools, infiniplex_staircase_pool, nicolae_hexahallways
D:15:     hangedman_depths_entry_try_elsewhere_first, layout_cave_pools,
          nicolae_ru_awakened_eye, uniq_azrael, uniq_jorgrun, uniq_nessos
Temple:   regret_index_temple_generic_petals
Lair:1:   layout_regular_city
Lair:2:   layout_gridlike, maelrawn_ghost_gauntlet_escape, fungi_pond_lemuel,
          lemuel_fruit_tree
Lair:3:   layout_chaotic_city, minmay_shoals_entry_centaurs, dummy_spider_entry
Lair:4:   minmay_guarded_unrand_snakebite, layout_loops_ring, slime_entry_1,
          grunt_megastairs_5, uniq_snorg
Lair:5:   minmay_lair_end_enchanted_forest, layout_loops_ring,
          serial_bayou_shore_b, uniq_kirke
Shoals:1: layout_shoals, nicolae_shoals_stone_sculpture_thing
Shoals:2: nicolae_shoals_mermall, layout_shoals
Shoals:3: layout_shoals, serial_shops, nicolae_shop_overgrown_old_shop,
          uniq_nikola, uniq_mara, uniq_polyphemus
Shoals:4: shoals_end_grunt_ice, layout_shoals, serial_shops, nicolae_square_shop
Spider:1: layout_cave_pods
Spider:2: layout_cave_pods, ebering_ghost_xom, nicolae_spider_bug_shape
Spider:3: layout_spider_delve
Spider:4: spider_rune_water, nicolae_spider_moth_buddies, uniq_donald,
          uniq_louise, uniq_arachne
Orc:1:    layout_caves, basic_altar, serial_shops, nicolae_shop_gibbet_a_chance
Orc:2:    pf_orc_diabolical, layout_caves, basic_altar, enter_volcano_4,
          serial_shops, shop, uniq_saint_roka
Elf:1:    layout_gridlike, hangedman_elven_crosses_minicolossus
Elf:2:    elven_hall_of_blades_hangedman_alternative
          [nicolae_blade_entry_diamond_columns], layout_gridlike,
          serial_co_window_serial, co_window_paths_b, co_window_paths_a,
          co_window_paths_a, co_window_paths_b, co_window_paths_a,
          co_window_paths_a, co_window_paths_a, co_window_corner_b,
          co_window_corner_cb, co_window_paths_d, glass_columns_a,
          glass_columns_a, glass_columns_b, glass_columns_a, glass_columns_a
Elf:3:    minmay_elf_hall_statues, layout_geoelf_octagon, serial_shops,
          nicolae_shop_pleasant_corner_grove
Vaults:1: nicolae_vaults_sealed_display, nicolae_vaults_little_squares_1,
          nicolae_vaults_closet_pinwheel_4, vaults_dpeg_hooks,
          dpeg_vaults_monster_box, nicolae_vaults_closet_pinwheel_4,
          layout_vaults_omnigrid, serial_shops, shop, shop, uniq_asterion
Vaults:2: v_misc_9, nicolae_vaults_shipping_containers_2,
          nicolae_vaults_puzzle_piece, vaults_mumra_hex,
          nicolae_vaults_offset_grid_hallway_3, nicolae_vaults_little_squares_6,
          vaults_mumra_lcd, nicolae_vaults_little_squares_3,
          nicolae_vaults_storage_room_statues, layout_vaults_chaotic_city,
          serial_shops, shop_fountains
Vaults:3: portal_desolation_entry_salt, minmay_crypt_entry_necro_gods,
          hangedman_vaults_variations, nicolae_vaults_twisting_passages,
          ontoclasm_vaults_twist, nicolae_vaults_tangram_2,
          hangedman_vaults_trim, v_misc_3, nicolae_vaults_turnstiles,
          hangedman_vaults_nails, nicolae_vaults_hallways_thing,
          nicolae_vaults_asterisk, layout_vaults_omnibox
Vaults:4: nicolae_vaults_shrinking_rooms_2, nicolae_vaults_surprise_closet,
          nicolae_vaults_wrenched, hangedman_vaults_stagger,
          kennysheep_ogre_elephant_herders, v_misc_26,
          nicolae_vaults_storage_closets_2, v_misc_24, v_misc_8,
          nicolae_vaults_tetromino_Z_2, v_misc_8, vaults_room_semicircle,
          layout_vaults_big_cross
Vaults:5
Depths:1: layout_roguey, abyss_entry_crystal, hell_entry, enter_trove_5,
          nicolae_tricolors, serial_sigils_hangedman_stare,
          minmay_misc_feat_secret_circle, minmay_mirror_moons_of_madness,
          uniq_aizul
Depths:2: minmay_the_grid_square_5x5_5x5 [minmay_the_grid_square_5x5_plus,
          minmay_the_grid_square_5x5_minibox,
          minmay_the_grid_square_5x5_misaligned,
          minmay_the_grid_square_5x5_spiral, minmay_the_grid_square_5x5_shrine1,
          minmay_the_grid_square_5x5_six,
          minmay_the_grid_square_5x5_prize_waves,
          minmay_the_grid_square_5x5_slash,
          minmay_the_grid_square_5x5_prize_itemx,
          minmay_the_grid_square_5x5_empty,
          minmay_the_grid_square_5x5_tetrominoes, minmay_the_grid_square_5x5_n,
          minmay_the_grid_square_5x5_prize_rear_guard,
          minmay_the_grid_square_5x5_shuriken, minmay_the_grid_square_5x5_empty,
          minmay_the_grid_square_5x5_comb,
          minmay_the_grid_square_5x5_prize_open,
          minmay_the_grid_square_5x5_eight,
          minmay_the_grid_square_5x5_prize_junk,
          minmay_the_grid_square_5x5_lines, minmay_the_grid_square_5x5_three,
          minmay_the_grid_square_5x5_two_walls_b,
          minmay_the_grid_square_5x5_eight_small,
          minmay_the_grid_square_5x5_dogpile,
          minmay_the_grid_square_5x5_inner_v], layout_cave_shapes,
          enter_ziggurat_c, pan_entry, abyss_entry_glasseish,
          grunt_mini_vestibule, uniq_grunn, uniq_bai_suzhen, uniq_sojobo
Depths:3: minmay_chopped_fan, layout_gridlike, abyss_entry_flame_altar,
          chequers_serial_rivers_small_b, hangedman_coc_ice_floe
Depths:4: evilmike_zot_entry_basic, layout_basic, minmay_misc_feat_square,
          abyss_entry, hell_entry, serial_bayou_pond_c, grunt_megastairs_3
Zot:1:    layout_gridville
Zot:2:    gammafunk_the_bubble [the_bubble_gammafunk_grid],
          layout_cathedral_of_symmetry, grunt_megastairs_4
Zot:3:    hangedman_zot_vaults_quadrants, layout_concentric_octagons,
          regret_index_zotdec_barnacled_alternative, uniq_tiamat
Zot:4:    layout_twisted_circle
Zot:5:    layout_twisted_circle

Skill      XL: |  1  2  3  4  5  6  7  8  9 10 11 12 13 14 15 16 17 18 19 20 21 22 23 24 25 26 |
---------------+-------------------------------------------------------------------------------+-----
Summonings     | 5 6 7 8 9 10 11 14 15 16 18 20 21 22 | 22.0
Spellcasting   | 7 10 15 19 20 22 25 | 25.0
Translocations | 5 6 10 14 15 | 15.0
Dodging        | 5 6 10 11 15 16 17 18 20 | 20.6
Hexes          | 5 9 10 11 15 | 15.0
Stealth        | 4 5 |  5.0
Fighting       | 3 5 9 10 11 12 13 15 | 15.0
Invocations    | 10 11 12 | 12.0
Shields        | 6 10 12 13 15 | 15.0
Armour         | 5 9 11 12 13 15 | 15.0

Action                     |  1- 3 |  4- 6 |  7- 9 | 10-12 | 13-15 | 16-18 | 19-21 | 22-24 | 25-27 || total
---------------------------+-------+-------+-------+-------+-------+-------+-------+-------+-------++-------
  Melee: Unarmed           |     3 |       |       |       |       |       |       |       |       ||     3
         Dagger            |     1 |       |       |       |       |       |       |       |       ||     1
         Short sword       |    15 |     8 |       |       |       |       |       |       |       ||    23
         Staff             |       |     2 |    26 |    40 |       |       |       |       |       ||    68
         Whip              |       |       |       |       |   192 |   113 |    92 |       |       ||   397
         Rapier            |       |       |       |       |       |       |     3 |    28 |    28 ||    59
   Cast: Summon Small Mamm |    47 |    14 |       |     1 |     2 |       |       |       |       ||    64
         Call Imp          |     7 |    37 |    54 |    81 |    59 |       |       |       |       ||   238
         Call Canine Famil |     1 |    37 |    38 |    92 |    99 |    64 |       |       |       ||   331
         Summon Lightning  |       |       |     6 |    61 |   124 |   112 |    87 |    25 |    14 ||   429
         Summon Guardian G |       |       |       |    62 |   118 |    79 |    47 |    12 |     9 ||   327
         Summon Cactus Gia |       |       |       |    29 |   129 |   125 |    33 |     8 |    12 ||   336
         Sigil of Binding  |       |       |       |     3 |     4 |       |       |       |       ||     7
         Dispersal         |       |       |       |       |     7 |     6 |     9 |     5 |    11 ||    38
         Summon Forest     |       |       |       |       |    40 |    86 |    25 |       |       ||   151
         Anguish           |       |       |       |       |    14 |    23 |    44 |     9 |     3 ||    93
         Passage of Golubr |       |       |       |       |    13 |       |     1 |     1 |       ||    15
         Summon Mana Viper |       |       |       |       |    35 |   108 |    37 |     7 |     4 ||   191
         Monstrous Menager |       |       |       |       |       |   137 |   276 |   163 |   110 ||   686
         Dragon's Call     |       |       |       |       |       |     2 |     1 |    14 |    12 ||    29
         Summon Horrible T |       |       |       |       |       |     7 |    41 |    18 |    28 ||    94
         Malign Gateway    |       |       |       |       |       |       |    50 |    13 |    19 ||    82
         Summon Hydra      |       |       |       |       |       |       |    28 |    97 |    90 ||   215
         Discord           |       |       |       |       |       |       |       |     2 |     1 ||     3
 Invoke: Channel Magic     |       |       |       |       |     4 |     2 |     9 |     6 |    10 ||    31
         Forget Spell      |       |       |       |       |       |     2 |     2 |       |       ||     4
         Divine Exegesis   |       |       |       |       |       |     2 |     1 |     2 |     1 ||     6
  Evoke: Phantom mirror    |       |       |       |       |       |     1 |       |       |     1 ||     2
         Wand              |       |       |       |       |       |     1 |       |       |       ||     1
    Use: Scroll            |       |     7 |     4 |    12 |    21 |    12 |     9 |     3 |     7 ||    75
         Potion            |       |       |     1 |     1 |     5 |     8 |     4 |     7 |    14 ||    40
   Stab: Distracted        |     1 |       |     1 |     1 |     2 |     4 |     7 |     1 |     2 ||    19
         Sleeping          |       |     1 |       |     1 |       |       |       |       |     1 ||     3
         Paralysed         |       |       |       |       |       |       |     1 |       |       ||     1
 Armour: Robe              |    11 |    11 |    27 |    73 |    97 |       |       |       |       ||   219
         Skin              |       |       |       |       |     1 |       |       |       |       ||     1
         Leather armour    |       |       |       |       |   113 |   249 |   162 |    85 |     9 ||   618
         Ring mail         |       |       |       |       |       |       |       |       |   120 ||   120
  Dodge: Dodged            |    13 |    16 |    31 |    96 |   293 |   239 |   199 |   137 |   201 ||  1225
  Block: Buckler           |       |       |       |     5 |   119 |    63 |       |       |       ||   187
         Kite shield       |       |       |       |       |       |    77 |   237 |   127 |   164 ||   605
         Reflection        |       |       |       |       |       |     9 |    60 |    22 |     9 ||   100

Table legend: (Time is in decaauts)
 A = Elapsed time spent in this place.
 B = Non-inter-level travel time spent in this place.
 C = Inter-level travel time spent in this place.
 D = Time resting spent in this place.
 E = Time spent auto-exploring this place.
 F = Levels seen in this place.
 G = Mean time per level.
                   A        B        C        D        E       F      G
               +--------+--------+--------+--------+--------+-----+--------+
         Total | 101684 |  97172 |   4512 |  52621 |  25930 |  54 | 1883.0 |
       Dungeon |  23988 |  22462 |   1526 |   9057 |   9630 |  15 | 1599.2 |
        Temple |     80 |      2 |     78 |      0 |      0 |   1 |   80.0 |
          Lair |  11672 |  11140 |    532 |   5932 |   3327 |   5 | 2334.4 |
        Shoals |   6518 |   6411 |    107 |   3650 |   1099 |   4 | 1629.5 |
   Spider Nest |   9738 |   9512 |    226 |   5739 |   2176 |   4 | 2434.5 |
  Orcish Mines |   4734 |   4462 |    272 |   2979 |    575 |   2 | 2367.0 |
   Elven Halls |   7945 |   7700 |    245 |   4382 |   1947 |   3 | 2648.3 |
        Vaults |  12451 |  11650 |    801 |   5637 |   4110 |   5 | 2490.2 |
        Depths |  13986 |  13263 |    723 |   8811 |   2576 |   4 | 3496.5 |
           Zot |   6159 |   6159 |      0 |   4229 |     61 |   5 | 1231.8 |
         Abyss |    368 |    368 |      0 |    167 |     59 |   1 |  368.0 |
         Trove |     30 |     30 |      0 |      0 |      0 |   1 |   30.0 |
       Ossuary |    510 |    510 |      0 |     16 |     48 |   1 |  510.0 |
       Volcano |    704 |    704 |      0 |    476 |      0 |   1 |  704.0 |
    Desolation |   1767 |   1767 |      0 |    936 |    320 |   1 | 1767.0 |
      Gauntlet |   1028 |   1028 |      0 |    608 |      0 |   1 | 1028.0 |
               +--------+--------+--------+--------+--------+-----+--------+

Top non-repeatable levels by time:
Depths:2: 4747 daAuts
Depths:4: 4414 daAuts
   Orc:2: 3608 daAuts
   Zot:5: 3604 daAuts
   Elf:3: 3481 daAuts
  Lair:5: 3334 daAuts
Spider:2: 2936 daAuts
   Elf:2: 2908 daAuts
Spider:4: 2793 daAuts
     D:7: 2762 daAuts
Vaults:5: 2598 daAuts
Vaults:1: 2585 daAuts
Depths:3: 2564 daAuts
  Lair:4: 2491 daAuts
Vaults:4: 2486 daAuts
